 Dungeon Crawl Stone Soup version 0.16-a0-118-gefff164 (webtiles) character file.

2708 Econoterrorist the Infuser (level 9, -2/45 HPs)
             Began as a Deep Elf Conjurer on Aug 11, 2014.
             Slain by a wight
             ... wielding a cursed +0 battleaxe
              (8 damage)
             ... on Level 7 of the Dungeon.
             The game lasted 00:40:34 (7613 turns).

Econoterrorist the Infuser (Deep Elf Conjurer)      Turns: 7613, Time: 00:40:34

HP  -2/45        AC  4     Str  5      XL: 9   Next: 39%
MP  20/37        EV 14     Int 24      God:
Gold 316         SH  0     Dex 15      Spells:  6 memorised,  4 levels left

rFire  + . .     SeeInvis .     L - +5 short sword "Reux" {pain, +Fly rF+ MR+}
rCold  . . .     Clarity  .     H - +0 robe
rNeg   . . .     rCorr    .     (no shield)
rPois  +         rRot     .     (no helmet)
rElec  .         Spirit   .     f - +1 cloak
SustAb .         Warding  .     (no gloves)
rMut   .         Stasis   .     (no boots)
Gourm  .                        (no amulet)
MR     +....                    G - ring of magical power
                                l - ring of poison resistance

@: drained, somewhat resistant to hostile enchantments, unstealthy
A: no striking features
a: Evoke Flight


You were on level 7 of the Dungeon.
You were not hungry.

You visited 2 branches of the dungeon, and saw 8 of its levels.

You collected 407 gold pieces.
You spent 91 gold pieces at shops.

Inventory:

Hand weapons
 L - the +5 short sword "Reux" (weapon) {pain, +Fly rF+ MR+}
   (You found it on level 6 of the Dungeon)

   In the hands of one skilled in necromantic magic, it inflicts extra damage on
   living creatures.
   It protects you from fire.
   It affects your resistance to hostile enchantments.
   It lets you fly.
Missiles
 d - 2 throwing nets (quivered)
Armour
 f - a +1 cloak (worn)
 H - a +0 robe (worn)
Magical devices
 i - a wand of digging (10)
 y - a wand of digging (12)
 F - a wand of teleportation (8)
 I - a wand of lightning (6)
 N - a wand of disintegration (13)
 O - a wand of paralysis (13)
Comestibles
 b - 4 bread rations
 k - 7 meat rations
 r - a fruit
 E - a beef jerky
 M - a chunk of quokka flesh
Scrolls
 g - 2 scrolls of enchant weapon
 h - a scroll of enchant armour
 j - a scroll of remove curse
 m - a scroll of silence {unknown}
 o - 2 scrolls of magic mapping {unknown}
 q - 3 scrolls of teleportation {unknown}
 t - 2 scrolls of recharging
 w - 2 scrolls of immolation {unknown}
 B - 2 scrolls of fog {unknown}
 C - 2 scrolls of amnesia
 D - 3 scrolls of random uselessness
Jewellery
 l - a ring of poison resistance (left hand)
 G - a ring of magical power (right hand)
 J - an uncursed ring of protection from fire
Potions
 e - a potion of agility {unknown}
 n - a potion of magic {unknown}
 p - a potion of haste {unknown}
 u - a potion of flight {unknown}
 x - 4 potions of might
 z - 3 potions of curing
 K - 2 potions of cancellation
Books
 c - a book of Conjurations

   Spells                             Type                      Level
   *Magic Dart                        Conjuration                  1
   *Searing Ray                       Conjuration                  2
   Dazzling Spray                     Conjuration/Hexes            3
   Fulminant Prism                    Conjuration/Hexes            4
   *Iskenderun's Mystic Blast         Conjuration                  4
   *Iskenderun's Battlesphere         Conjuration/Charms           5
 v - a book of Summonings

   Spells                             Type                      Level
   *Abjuration                        Summoning                    3
   Recall                             Summoning/Translocation      3
   *Shadow Creatures                  Summoning                    5
   Summon Demon                       Summoning                    5
   Summon Forest                      Summoning/Translocation      5
   Monstrous Menagerie                Summoning                    6
 A - a book of Beasts

   Spells                             Type                      Level
   Summon Butterflies                 Summoning                    1
   Call Canine Familiar               Summoning                    3
   Summon Ice Beast                   Ice/Summoning                4
   Summon Mana Viper                  Hexes/Summoning              5
   Monstrous Menagerie                Summoning                    6
   Summon Hydra                       Summoning                    7
Magical staves
 a - an uncursed staff of death
 s - an uncursed staff of air


   Skills:
 - Level 5.2(4.4) Dodging
 - Level 2.4(1.6) Stealth
 - Level 8.0(7.1) Spellcasting
 + Level 8.1(7.1) Conjurations
 - Level 9.5(8.6) Charms
 - Level 6.2(5.3) Summonings


You had 4 spell levels left.
You knew the following spells:

 Your Spells              Type           Power        Failure   Level  Hunger
a - Magic Dart            Conj           ####         1%          1    None
b - Searing Ray           Conj           #####.       1%          2    None
c - Iskenderun's Mystic   Conj           #####...     4%          4    ###....
d - Iskenderun's Battles  Conj/Chrm      #####...     10%         5    ####...
e - Abjuration            Summ           ####......   2%          3    None
f - Shadow Creatures      Summ           N/A          24%         5    ####...


Dungeon Overview and Level Annotations

Branches:
Dungeon (7/15)             Temple (1/1) D:5

Altars:
Ashenzari
Cheibriados
Dithmenos
Elyvilon
Fedhas
Gozag
Kikubaaqudgha
Makhleb
Nemelex Xobeh
Okawaru
Qazlal
Sif Muna
Trog
Xom
Yredelemnul
Zin

Shops:
D:6 }?

Annotations:
D:5 exclusion: oklob plant


Message History

The magic dart hits the iguana.
The iguana is almost dead.
Your battlesphere fires!
The barrage of energy hits the iguana.
You kill the iguana!
The wight hits you with a battleaxe!
You feel drained.
Casting: Magic Dart
Confirm with . or Enter, or press ? or * to list all spells.
Aiming: Magic Dart
Press: ? - help, Shift-Dir - straight line, f - wight
Aim: a wight, wielding a battleaxe and wearing a robe The magic dart hits the wight.
The wight is lightly damaged.
Your battlesphere fires!
The barrage of energy hits the wight.
The wight is heavily damaged.
The wight hits you with a battleaxe!!
* * * LOW HITPOINT WARNING * * *
You feel drained.
You die...

# .# #######
#.##.....
###.....>###
.......#....
##*.....#
#.##......#####
#...@.).)..(((#
#...z%########.#
#....... #.#
#....$..# #.#
#.......# #.#
##.....## #.##.#
###....#
#.##.### #$
..(... #.##.#...
.. #.# #.##.#.#


You could see a wight.

Vanquished Creatures
  Grinder (D:4)
  A hungry ghost (D:5)
  A hippogriff (D:7)
  2 orc warriors
  A sky beast (D:5)
  2 ogres
  A yellow wasp (D:7)
  3 phantoms
  Sigmund (D:2)
  3 giant frogs
  5 scorpions
  3 wights (D:7)
  3 orc priests
  2 crimson imps
  A jelly (D:5)
  3 orc wizards
  A black bear skeleton (D:4)
  6 worker ants
  4 iguanas
  5 adders
  3 gnolls (D:7)
  A shadow imp (D:5)
  3 giant mites
  6 worms
  4 giant geckos
  15 orcs
  3 ball pythons
  6 giant cockroaches
  11 hobgoblins
  17 jackals
  4 quokkas
  14 bats
  7 giant newts
  7 goblins
  12 kobolds
  12 rats
  4 fungi (D:5)
178 creatures vanquished.

Vanquished Creatures (others)
  2 fungi (D:5)
  A plant (D:5)
3 creatures vanquished.

Grand Total: 181 creatures vanquished

Notes
Turn   | Place    | Note
--------------------------------------------------------------
     0 | D:1      | Econoterrorist, the Deep Elf Conjurer, began the quest for the Orb.
     0 | D:1      | Reached XP level 1. HP: 10/10 MP: 5/5
   309 | D:1      | Reached XP level 2. HP: 6/15 MP: 6/8
   313 | D:1      | Learned a level 2 spell: Searing Ray
   497 | D:1      | Reached skill level 5 in Conjurations
  1191 | D:2      | Reached XP level 3. HP: 17/19 MP: 6/10
  1443 | D:2      | Found a shimmering altar of Xom.
  1443 | D:2      | Found a shimmering altar of Xom.
  1444 | D:2      | Found a shimmering altar of Xom.
  1454 | D:2      | Found a shimmering altar of Xom.
  1507 | D:2      | Noticed Sigmund
  1750 | D:2      | Reached skill level 6 in Conjurations
  1930 | D:2      | Reached XP level 4. HP: 24/24 MP: 6/13
  1937 | D:2      | Learned a level 4 spell: Iskenderun's Mystic Blast
  2022 | D:2      | Killed Sigmund
  2022 | D:2      | Reached skill level 7 in Conjurations
  2022 | D:2      | Reached XP level 5. HP: 22/28 MP: 8/16
  2324 | D:3      | Found an opulent altar of Gozag.
  2376 | D:3      | Found an iron altar of Okawaru.
  2455 | D:3      | Found a white marble altar of Elyvilon.
  2455 | D:3      | Found a shadowy altar of Dithmenos.
  2455 | D:3      | Found a basalt altar of Yredelemnul.
  2571 | D:3      | Learned a level 5 spell: Iskenderun's Battlesphere
  2638 | D:3      | Reached skill level 1 in Charms
  3444 | D:4      | Noticed a phantom
  3450 | D:4      | Killed a phantom
  3450 | D:4      | Reached XP level 6. HP: 29/32 MP: 14/20
  3544 | D:4      | Reached skill level 5 in Charms
  4098 | D:4      | Noticed an ogre
  4104 | D:4      | Killed an ogre
  4104 | D:4      | Reached XP level 7. HP: 36/36 MP: 15/21
  4308 | D:4      | Noticed Grinder
  4314 | D:4      | Killed Grinder
  4314 | D:4      | Reached skill level 9 in Charms
  4616 | D:4      | Found a sparkling altar of Nemelex Xobeh.
  4641 | D:5      | Entered Level 5 of the Dungeon
  4686 | D:5      | Reached skill level 5 in Spellcasting
  4728 | D:5      | Reached XP level 8. HP: 41/41 MP: 15/25
  5362 | D:5      | Learned a level 3 spell: Abjuration
  5368 | D:5      | Learned a level 5 spell: Shadow Creatures
  5728 | D:5      | Found a staircase to the Ecumenical Temple.
  5736 | Temple   | Entered the Ecumenical Temple
  5820 | D:5      | Reached skill level 1 in Summonings
  5896 | D:5      | Found a blossoming altar of Fedhas.
  5985 | D:5      | Noticed an oklob plant
  6233 | D:6      | Found Ifen's Gadget Emporium.
  6448 | D:6      | Reached skill level 5 in Summonings
  6515 | D:6      | Found Staejy's Magic Scroll Emporium.
  6532 | D:6      | Bought a scroll of noise for 14 gold pieces
  6532 | D:6      | Bought a scroll of identify for 28 gold pieces
  6532 | D:6      | Bought a scroll of amnesia for 49 gold pieces
  6820 | D:6      | Got an iridescent short sword
  6821 | D:6      | Identified the +5 short sword "Reux" {pain, +Fly rF+ MR+} (You found it on level 6 of the Dungeon)
  6832 | D:6      | Reached XP level 9. HP: 45/45 MP: 27/28
  7274 | D:7      | Reached skill level 5 in Dodging
  7477 | D:7      | Found a sparkling altar of Nemelex Xobeh.
  7477 | D:7      | Found an opulent altar of Gozag.
  7613 | D:7      | Slain by a wight

Action                   |  1- 3 |  4- 6 |  7- 9 || total
-------------------------+-------+-------+-------++-------
Melee: Short sword       |    18 |     2 |     6 ||    26
       Staff             |       |     5 |   126 ||   131
 Cast: Magic Dart        |    61 |    52 |   127 ||   240
       Searing Ray       |     6 |    21 |    15 ||    42
       Iskenderun's Myst |       |     2 |     3 ||     5
       Iskenderun's Batt |       |       |    20 ||    20
Evoke: Wand              |       |     1 |     4 ||     5
  Use: Potion            |       |     1 |       ||     1
       Scroll            |       |     1 |     7 ||     8
  Eat: Chunk             |     3 |     7 |    12 ||    22
       Royal jelly       |       |       |     1 ||     1
       Fruit             |       |       |     1 ||     1
       Beef jerky        |       |       |     1 ||     1
